 Dungeon Crawl Stone Soup version 0.30-a0-385-gfebfb9b408 (webtiles) character file.

Game seed: 1226021391797279036

27 p00ps00p the Trooper (level 3, 0/33 HPs)
             Began as a Hill Orc Fighter on Dec 3, 2022.
             Slain by Terence
             ... wielding a +1 flail of protection
              (9 damage)
             ... on level 1 of the Dungeon.
             The game lasted 00:01:06 (1001 turns).

p00ps00p the Trooper (Hill Orc Fighter)             Turns: 1001, Time: 00:01:07

Health: 0/33       AC:  6    Str: 20    XL:     3   Next: 10%
Magic:  3/3        EV:  9    Int:  8    God:
Gold:   16         SH:  4    Dex: 10    Spells: 2/2 levels left

rFire   . . .      SeeInvis .    a - +0 war axe
rCold   . . .      Faith    .    c - +0 buckler
rNeg    . . .      Spirit   .    b - +0 scale mail
rPois   .          Reflect  .    (no helmet)
rElec   .          Harm     .    (no cloak)
rCorr   .          Rampage  .    (no gloves)
Will    .....                    (no boots)
Stlth   ..........               (no amulet)
HPRegen 0.25/turn                (no ring)
MPRegen 0.08/turn                (no ring)

@: no status effects
A: no striking features
a: no special abilities


You were on level 1 of the Dungeon.
You visited 1 branch of the dungeon, and saw 2 of its levels.

You collected 16 gold pieces.

Inventory:

Hand Weapons
 a - a +0 war axe (weapon)
Armour
 b - a +0 scale mail (worn)
 c - a +0 buckler (worn)
Potions
 d - a potion of might


   Skills:
 + Level 4.0 Fighting
 + Level 3.3 Axes
 + Level 3.6 Armour
 + Level 3.6 Shields


You had 2 spell levels left.
You didn't know any spells.
Your spell library was empty.

Dungeon Overview and Level Annotations

Branches:
Dungeon (2/15)

Altars:

Annotations:
D:1 Terence


Message History

Your Fighting skill increases to level 4!
You have reached level 3!
Your experience leads to an increase in your attributes!
Increase (S)trength, (I)ntelligence, or (D)exterity?
You feel stronger. x2
Terence hits you with a +1 flail of protection.
You see here an adder corpse.
Terence attacks as you move away! Terence closely misses you.
Your transformation is almost over.
Terence shouts, "Get ready for death!"
Terence attacks as you move away! Terence barely misses you.
Terence hits you with a +1 flail of protection!
* * * LOW HITPOINT WARNING * * *
Terence misses you.
You condense into your normal self.
Your +0 war axe unmelds from your body.
Your +0 buckler unmelds from your body.
Your +0 scale mail unmelds from your body.
Terence zaps a wand.
You turn into an insubstantial wisp.
Your +0 war axe melds into your body.
Your +0 buckler melds into your body.
Your +0 scale mail melds into your body.
The now-empty wand crumbles to dust.
Terence attacks as you move away! Terence completely misses you.
Terence attacks as you move away! Terence closely misses you.
There is a stone staircase leading down here.
Terence closely misses you.
You see here an adder corpse.
Terence attacks as you move away! Terence misses you.
Terence attacks as you move away! Terence closely misses you.
Terence barely misses you. Terence attacks as you move away!
Terence completely misses you. Terence attacks as you move away!
Terence closely misses you.
Your transformation is almost over.
Terence hits you with a +1 flail of protection.
* * * LOW HITPOINT WARNING * * *
Terence hits you but does no damage.
You condense into your normal self.
Your +0 war axe unmelds from your body.
Your +0 buckler unmelds from your body.
Your +0 scale mail unmelds from your body.
Terence hits you with a +1 flail of protection!
You die...

.###.......### #..# .#
#.....#...# ##.## .#
#.....###.# #..# .#
#.....# #.# #.####### .#
#.....###.## #.#..>..# .#
#......##..## #.#.###.# .#
######......### #.#.# #.#
.#########.≈≈≈...#####.#.#
#.# .......#
#.≈)≈.#@..†>....# #.#
######.# #.≈≈≈K@.###.#####
#.# ..# #.# #.....#.#
#.#######.# #.# #.#
##...##.###.#....##.#
#.####.#
###........#.##.##.#
#......#
##########.##....#
######## #.##########
#........... ############


You could see Terence and a kobold.

Vanquished Creatures
  An adder (D:1)
  2 endoplasms (D:1)
  2 goblins (D:1)
  3 hobgoblins (D:1)
  2 quokkas (D:1)
  2 bats (D:1)
  2 frilled lizards (D:1)
  2 kobolds (D:1)
  2 rats (D:1)
18 creatures vanquished.

Notes
Turn   | Place    | Note
-------+----------+-------------------------------------------
     0 | D:1      | p00ps00p the Hill Orc Fighter began the quest for the Orb.
     0 | D:1      | Reached XP level 1. HP: 19/19 MP: 1/1
   181 | D:1      | Reached XP level 2. HP: 26/27 MP: 2/2
   950 | D:2      | Noticed Terence
   970 | D:1      | Reached skill level 4 in Fighting
   970 | D:1      | Reached XP level 3. HP: 18/33 MP: 3/3
  1001 | D:1      | Slain by Terence

Illustrated notes

Levels and vault maps discovered:
D:1:      amcnicky_arrival_single_pillar, layout_basic,
          corexii_item_surrounded_by_moat
D:2:      layout_loops_ring, minmay_split_cup_large, uniq_jessica, uniq_terence,
          uniq_crazy_yiuf_cottage

Skill      XL: |  1  2 |
---------------+-------+-----
Axes           | 3 |  3.3
Fighting       | 4 |  4.0
Armour         | |  3.6
Shields        | |  3.6

Action                   || total
-------------------------++-------
Melee: War axe           ||    56
       Unarmed           ||    10
Armor: Scale mail        ||    27
       Skin              ||     8
Dodge: Dodged            ||    75
Block: Buckler           ||    13

Table legend: (Time is in decaauts)
 A = Elapsed time spent in this place.
 B = Non-inter-level travel time spent in this place.
 C = Inter-level travel time spent in this place.
 D = Time resting spent in this place.
 E = Time spent auto-exploring this place.
 F = Levels seen in this place.
 G = Mean time per level.
                   A        B        C        D        E       F      G
               +--------+--------+--------+--------+--------+-----+--------+
         Total |   1022 |    998 |     24 |      0 |    819 |   2 |  511.0 |
       Dungeon |   1022 |    998 |     24 |      0 |    819 |   2 |  511.0 |
               +--------+--------+--------+--------+--------+-----+--------+

Top non-repeatable levels by time:
     D:1: 1011 daAuts
     D:2: 11 daAuts
